Map: Ley Lines

Players

KimChiLoVer - Winner!

  • Race: Terran Terran
  • Spawn Location: 1:00

VOD

Have the link to the VOD?

Description

Time

  • Played on: Aug. 9, 2025, 7:09 p.m.
  • Length: 10:38
Show
View Real Time Build Order
Export as new Build Order

KimChiLoVer Terran - Winner!

Build Orders: Reaper Expand 

Get SALT Encoding   

  12  0:02  SCV  
  12  0:14  SCV  
  12  0:18  Supply Depot  
  12  0:26  SCV  
  12  0:40  SCV  
  12  0:41  Barracks  
  12  0:45  Refinery  
  12  0:52  SCV  
  12  1:04  SCV  
  12  1:16  SCV  
  12  1:28  Orbital Command  
  12  1:29  Reaper  
  12  1:40  Command Center  
  12  1:49  Supply Depot  
  12  1:54  SCV  
  12  2:05  Factory, Marine  
  12  2:10  Refinery, SCV  
  12  2:22  SCV  
  12  2:25  Barracks Reactor  
  12  2:34  SCV  
  12  2:37  Barracks  
  12  2:40  Barracks  
  12  2:46  SCV  
  12  2:53  Factory Tech Lab  
  12  2:54  Orbital Command  
  12  2:59  SCV  
  12  3:02  Marine x2  
  12  3:16  SCV  
  12  3:26  Command Center  
  12  3:32  Marine  
  12  3:33  Marine  
  12  3:38  SCV  
  12  3:39  Factory Reactor  
  12  3:46  Starport  
  12  3:49  SCV  
  12  3:51  SCV  
  12  3:54  Marine, Stimpack  
  12  4:05  Engineering Bay  
  12  4:07  Engineering Bay  
  12  4:10  SCV x2  
  12  4:14  Marine  
  12  4:17  Marine x2  
  12  4:18  Marine  
  12  4:25  SCV x2  
  12  4:32  Factory Tech Lab, Supply Depot  
  12  4:33  Terran Infantry Weapons Level 1  
  12  4:37  Terran Infantry Armor Level 1  
  12  4:44  Orbital Command  
  12  4:46  Medivac  
  12  4:48  Medivac  
  12  4:54  Barracks  
  12  5:01  Barracks, Marine  
  12  5:04  Marine  
  12  5:05  Marine  
  12  5:06  SCV  
  12  5:08  SCV  
  12  5:13  Marine  
  12  5:19  Armory, Marine, SCV  
  12  5:23  Orbital Command, Barracks Tech Lab  
  12  5:24  Marine  
  12  5:30  Marine  
  12  5:31  Siege Tank  
  12  5:36  Viking  
  12  5:37  Marine  
  12  5:41  Marine  
  12  5:42  Marine  
  12  5:46  Combat Shield  
  12  5:48  Marine  
  12  5:50  SCV  
  12  5:51  Refinery, SCV x2  
  12  5:55  Refinery  
  12  5:56  Barracks Reactor  
  12  5:57  Marine x2  
  12  5:59  Marine  
  12  6:00  Marine  
  12  6:02  SCV  
  12  6:03  SCV x2  
  12  6:17  Marine, Viking, SCV  
  12  6:19  Barracks Reactor  
  12  6:20  Marine x2, Supply Depot  
  12  6:22  Supply Depot  
  12  6:23  Barracks Tech Lab  
  12  6:29  Barracks  
  12  6:30  Barracks  
  12  6:33  Barracks  
  12  6:35  Marine x2  
  12  6:41  Marine, SCV x3  
  12  6:47  Supply Depot  
  12  6:48  Supply Depot  
  12  6:51  Medivac  
  12  6:52  Marine  
  12  6:54  Concussive Shells  
  12  6:56  SCV x2  
  12  6:58  SCV  
  12  6:59  Marine  
  12  7:00  Marine  
  12  7:08  Terran Infantry Weapons Level 2, SCV x2  
  12  7:12  Terran Infantry Armor Level 2  
  12  7:23  Barracks Tech Lab  
  12  7:24  Barracks Tech Lab  
  12  7:27  Marauder  
  12  7:28  Marauder  
  12  7:29  Marauder  
  12  7:30  SCV  
  12  7:31  Barracks Reactor, SCV  
  12  7:34  Refinery  
  12  7:38  Refinery  
  12  7:42  Command Center  
  12  7:46  Marine  
  12  7:47  Marauder  
  12  7:49  Marauder  
  12  7:56  Terran Vehicle And Ship Armor Level 1  
  12  7:57  Medivac  
  12  7:58  Viking  
  12  7:59  Marine x2, Marauder  
  12  8:02  SCV  
  12  8:03  SCV  
  12  8:07  SCV  
  12  8:13  Marauder  
  12  8:19  Siege Tank, SCV x3  
  12  8:21  Supply Depot  
  12  8:24  Supply Depot x2  
  12  8:27  Marauder  
  12  8:28  Marine  
  12  8:31  Marine, SCV x2  
  12  8:32  Marine, Marauder  
  12  8:38  Starport  
  12  8:46  Marine x2, Marauder  
  12  8:51  Siege Tank, Supply Depot  
  12  8:53  Supply Depot  
  12  8:57  SCV x2  
  12  8:58  Orbital Command  
  12  9:05  Medivac x2  
  12  9:08  SCV  
  12  9:11  Marine x2  
  12  9:12  Marauder x2  
  12  9:16  Starport Reactor  
  12  9:20  SCV  
  12  9:25  Factory  
  12  9:26  Marine x5, Marauder  
  12  9:29  Marauder  
  12  9:35  Orbital Command  
  12  9:43  Marine  
  12  9:44  Marine, Marauder x2  
  12  9:45  Marauder  
  12  9:46  Viking x2  
  12  10:02  Medivac  
  12  10:04  Marine x2, Marauder  
  12  10:05  Marine  
  12  10:11  Factory Tech Lab  
  12  10:13  Marine x4  
  12  10:22  Supply Depot  
Tags
 
Add a new tag
Caveats
  • Supply blocks, unpowered buildings, or Contaminate may cause inaccurate times.
  • Supply counts are checked every 10 seconds.